Map: Acropolis LE

Players

dragoon - Winner!

  • Race: Protoss Protoss
  • Spawn Location: 11:00

SandboX

  • Race: Zerg Zerg
  • League: Gold
  • Spawn Location: 5:00

VOD

Have the link to the VOD?

Description

Time

  • Played on: Aug. 11, 2019, 3:39 p.m.
  • Length: 6:07
Show
View Real Time Build Order
Export as new Build Order

dragoon Protoss - Winner!

Build Orders:  

Get SALT Encoding   

  12  0:00  Probe  
  13  0:12  Probe  
  14  0:18  Pylon  
  14  0:24  Probe  
  15  0:32  Probe  
  15  0:41  Gateway  
  16  0:45  Probe  
  16  0:47  Assimilator  
  17  0:57  Probe  
  18  1:07  Probe  
  19  1:15  Probe  
  18  1:21  Pylon  
  18  1:23  Probe  
  19  1:28  Cybernetics Core  
  19  1:31  Assimilator  
  20  1:35  Probe  
  21  1:42  Zealot  
  23  1:48  Probe  
  24  2:00  Probe, Warp Gate  
  25  2:05  Stargate  
  25  2:12  Probe  
  26  2:16  Zealot  
  26  2:22  Pylon  
  28  2:24  Probe  
  29  2:33  Robotics Facility  
  29  2:39  Gateway  
  29  2:43  Gateway  
  29  2:48  Probe  
  30  3:00  Probe  
  30  3:03  Pylon  
  31  3:12  Probe  
  32  3:16  Pylon  
  32  3:19  Immortal  
  32  3:24  Probe  
  37  3:36  Probe  
  38  3:48  Stalker, Probe  
  38  3:49  Stalker  
  38  3:50  Sentry  
  45  3:57  Pylon  
  45  4:00  Probe  
  46  4:11  Observer  
  46  4:12  Zealot x2  
  46  4:13  Zealot  
  52  4:22  Probe  
  54  4:32  Sentry  
  54  4:33  Stalker x2  
  60  4:57  Stalker  
  62  5:04  Pylon  
  62  5:07  Pylon  
  62  5:18  Nexus  
  62  5:21  Pylon  
  60  5:44  Stalker  
  60  5:45  Stalker x2  
Show
View Real Time Build Order
Export as new Build Order

SandboX Zerg 

Build Orders: Hatch First 

Get SALT Encoding   

  12  0:01  Drone  
  13  0:13  Overlord  
  13  0:17  Drone  
  14  0:31  Drone  
  14  0:32  Drone  
  16  0:39  Drone  
  17  1:06  Drone x2  
  17  1:11  Extractor  
  18  1:15  Hatchery  
  17  1:20  Drone x2  
  19  1:25  Spawning Pool  
  19  1:28  Drone  
  19  1:41  Overlord  
  19  1:51  Drone  
  20  2:00  Drone  
  21  2:13  Zergling x2  
  22  2:15  Metabolic Boost  
  22  2:22  Zergling x2  
  23  2:31  Drone  
  24  2:37  Drone  
  24  2:40  Queen x2  
  24  2:42  Drone  
  30  2:57  Hatchery  
  29  3:02  Drone x4  
  33  3:08  Overlord  
  33  3:13  Drone  
  34  3:21  Overlord x2  
  34  3:27  Drone  
  34  3:31  Drone  
  36  3:37  Queen  
  39  3:41  Drone  
  39  3:42  Drone  
  40  3:50  Drone x6  
  46  4:00  Overlord  
  46  4:01  Roach Warren  
  45  4:12  Extractor  
  45  4:13  Extractor  
  43  4:21  Drone x7  
  43  4:22  Overlord x2  
  43  4:23  Overlord  
  50  4:25  Drone x2  
  52  4:40  Drone x5  
  57  4:45  Lair  
  57  4:47  Evolution Chamber  
  57  4:49  Evolution Chamber, Zergling x4  
  55  5:00  Roach x5  
  59  5:10  Roach x4  
  64  5:17  Roach x2  
  51  5:31  Roach x6  
  47  5:43  Roach x2  
  47  5:45  Overlord  
Tags
 
Add a new tag
Caveats
  • Supply blocks, unpowered buildings, or Contaminate may cause inaccurate times.
  • Supply counts are checked every 10 seconds.